Sewer Rats vs Diablos

Created - February 2, 2020 at 23:06

Goals
1 2 3 T
Sewer Rats 1 4 1 6
Diablos 2 3 0 5
Shots
1 2 3 T
Sewer Rats 13 19 6 38
Diablos 6 20 1 27

1st period

1. Diablos , Jakub Vrana 6 (Adrian Kempe 16, Alex Petrovic 11) at 2:14
2. Sewer Rats , Erik Condra 22 (Daniel Carr 18, Stefan Elliott 25) at 11:10
3. Diablos , Danton Heinen 11 (Jordan Szwarz 21, Nick Spaling 21) at 13:04

Penalties :
Andrey Pedan (Don) for Hooking (Minor) at 4:57, Ty Rattie (Don) for Hooking (Minor) at 17:13

2nd period

4. Sewer Rats , Tomas Tatar 26 (Mark Mancari 38, Stefan Elliott 26) at 0:14
5. Sewer Rats , Mark Mancari 31 (Jonathan Marchessault 29, Steven Kampfer 29) at 0:30
6. Sewer Rats , Mark Mancari 32 (Tomas Tatar 20, Jarred Tinordi 19) at 2:29
7. Diablos , Nick Spaling 29 (Jordan Szwarz 22, Danton Heinen 26) at 6:47 (PP)
8. Sewer Rats , Jared McCann 2 (Martin Frk 19) at 10:03
9. Diablos , Nick Spaling 30 (Jordan Szwarz 23, Danton Heinen 27) at 11:16
10. Diablos , Nick Spaling 31 (Danton Heinen 28, Jordan Szwarz 24) at 16:24

Penalties :
Joel Edmundson (Tol) for Roughing (Minor) at 6:36, Andrey Pedan (Don) for Hooking (Minor) at 7:06, Stefan Elliott (Tol) for High sticking (Minor) at 11:56

3rd period

11. Sewer Rats , Tyler Motte 1 (Dmitrij Jaskin 7, Joseph Blandisi 12) at 18:06

Penalties :
Jarred Tinordi (Tol) for Interference (Minor) at 1:35, Dmitrij Jaskin (Tol) for Tripping (Minor) at 14:09, Jared McCann (Tol) for Holding (Minor) at 18:30

Goalie Stats

Marek Mazanek (Tol), 22 saves from 27 shots - (0.815), W, 23-5-2, 60:00 minutes
Kristers Gudlevskis (Don), 32 saves from 38 shots - (0.842), L, 15-13-4, 60:00 minutes

Players Stats for Sewer Rats

Player Name              G  A  P  +/- PIM S  H  SB GA TA FO     MP     PP MP  PK MP  
------------------------------------------------------------------------------------
Anthony Duclair          0  0  0   1  0   2  1  2  0  1  0/0    12:16   0:00   0:54 
Connor Carrick           0  0  0  -1  0   0  0  0  0  0  0/0    11:58   0:00   1:55 
Daniel Carr              0  1  1   0  0   0  0  1  0  0  1/1    17:05   2:39   2:37 
Dmitrij Jaskin           0  1  1  -1  2   2  1  0  0  1  0/0     8:28   0:08   0:00 
Erik Condra              1  0  1   0  0   5  3  0  0  1  0/0    17:07   2:39   1:56 
Jared McCann             1  0  1   1  2   1  1  0  0  1  2/4    10:58   0:00   0:00 
Jarred Tinordi           0  1  1   0  2   1  0  3  0  1  0/0    18:45   2:29   2:07 
Joel Edmundson           0  0  0   0  2   0  0  2  0  1  0/0    19:20   2:29   2:42 
John Ramage              0  0  0  -1  0   0  0  0  0  0  0/0     9:00   0:00   0:00 
Jonathan Marchessault    0  1  1   2  0   5  4  0  0  0  11/25  17:44   3:10   0:00 
Jonathan Racine          0  0  0   1  0   0  0  0  0  0  0/0     6:04   0:00   0:00 
Joseph Blandisi          0  1  1  -1  0   2  1  0  0  0  0/0     8:26   0:00   0:05 
Mark Mancari             2  1  3   2  0   5  0  0  2  0  2/6    22:29   3:10   4:45 
Martin Frk               0  1  1   1  0   4  1  0  2  0  0/0    11:27   0:08   0:00 
Nick Cousins             0  0  0   0  0   1  3  0  0  0  7/8    14:38   2:39   0:09 
Stefan Elliott           0  2  2   2  2   1  1  3  0  0  0/0    23:58   3:28   3:35 
Steven Kampfer           0  1  1   2  0   1  1  2  1  1  0/0    25:35   3:28   4:55 
Tomas Tatar              1  1  2   2  0   5  0  0  0  1  1/1    22:40   3:18   4:48 
Tyler Motte              1  0  1  -1  0   3  3  0  1  0  1/4     8:16   0:00   0:00 
Xavier Ouellet           0  0  0   1  0   0  0  0  0  0  0/0     6:04   0:00   0:00 

Players Stats for Diablos

Player Name              G  A  P  +/- PIM S  H  SB GA TA FO     MP     PP MP  PK MP  
------------------------------------------------------------------------------------
Adrian Kempe             0  1  1   1  0   4  5  0  0  0  6/12   19:38   3:22   2:47 
Alex Petrovic            0  1  1   0  0   0  1  3  0  0  0/0    21:09   3:11   3:18 
Andrei Mironov           0  0  0  -1  0   0  0  0  0  0  0/0    18:12   4:26   2:35 
Andrey Pedan             0  0  0  -3  4   1  3  0  0  1  0/0    23:34   0:00   0:30 
Anthony Camara           0  0  0  -1  0   0  0  0  0  0  0/0     0:22   0:00   0:00 
Brian Dumoulin           0  0  0   2  0   0  0  0  3  1  0/0    25:07   3:11   2:28 
Corey Trivino            0  0  0   0  0   4  0  0  0  0  2/2    13:08   0:00   1:13 
Danton Heinen            1  3  4  -1  0   1  1  0  0  1  12/26  20:12   4:15   1:44 
David Pastrnak           0  0  0   1  0   2  0  0  1  1  0/1    16:51   3:22   0:00 
Dominic Turgeon          0  0  0  -2  0   0  0  1  0  0  1/3     7:11   0:00   0:00 
Jakub Vrana              1  0  1   1  0   2  2  0  0  0  1/1    16:51   3:22   0:00 
Jiri Sekac               0  0  0   0  0   1  0  1  0  0  1/2    13:50   0:00   1:18 
Jordan Szwarz            0  4  4  -1  0   1  1  0  1  0  0/1    21:49   4:15   2:48 
Nick Spaling             3  1  4  -2  0   9  3  4  0  0  0/0    24:53   4:15   2:04 
Philip Larsen            0  0  0  -2  0   0  4  0  2  1  0/0    27:42   4:26   2:38 
Stuart Percy             0  0  0   0  0   0  0  0  0  0  0/0     3:46   0:00   0:25 
Ty Rattie                0  0  0  -2  2   0  0  0  0  0  1/1     7:26   0:00   0:00 
Tyler Pitlick            0  0  0   0  0   2  0  1  1  1  0/0    12:19   0:00   0:00 

3 Stars

1 - Nick Spaling (Don)
2 - Mark Mancari (Tol)
3 - Danton Heinen (Don)

Power Play

Sewer Rats - 0 on 3 Attempt(s) - 0.00%
Diablos - 1 on 5 Attempt(s) - 20.00%

Penalty Kill

Sewer Rats - 4 on 5 Attempt(s) - 80.00% - Score 0 goal in Penalty Kill
Diablos - 3 on 3 Attempt(s) - 100.00% - Score 0 goal in Penalty Kill

Team Stat

Sewer Rats - Hits : 20 - Faceoff Wins : 25 - Blocked Shots : 13 - Penalty Minutes : 10
Diablos - Hits : 20 - Faceoff Wins : 24 - Blocked Shots : 10 - Penalty Minutes : 6

Official

Referees : Unknown
Linesman : Unknown

Game Notes

Nick Spaling has scored a Hat Trick!

Finance

Level 1 -- Attendance: 1992 (99.60%) -- Ticket Income $27,888
Level 2 -- Attendance: 1000 (100.00%) -- Ticket Income $5,000
Total Attendance: 2992 (99.73%)
Total Ticket Income: $32,888
Other Income: $1,644
Total Income: $34,532

Sewer Rats

5 vs 5 Forward 
   Center                   Left Wing                Right Wing               Time % Phy DF OF 
 1 Jonathan Marchessault    Tomas Tatar              Mark Mancari             40     1   2  2  
 2 Nick Cousins             Daniel Carr              Erik Condra              30     1   2  2  
 3 Jared McCann             Anthony Duclair          Martin Frk               20     1   2  2  
 4 Tyler Motte              Joseph Blandisi          Dmitrij Jaskin           10     1   2  2  

5 vs 5 Defense 
   Defense                  Defense                                           Time % Phy DF OF 
 1 Stefan Elliott           Steven Kampfer                                    40     1   2  2  
 2 Jarred Tinordi           Joel Edmundson                                    30     1   2  2  
 3 John Ramage              Connor Carrick                                    20     1   2  2  
 4 Xavier Ouellet           Jonathan Racine                                   10     1   2  2  

PowerPlay Forward 
   Center                   Left Wing                Right Wing               Time % Phy DF OF 
 1 Jonathan Marchessault    Tomas Tatar              Mark Mancari             60     1   2  2  
 2 Nick Cousins             Daniel Carr              Erik Condra              40     1   2  2  

PowerPlay Defense
   Defense                  Defense                                           Time % Phy DF OF 
 1 Stefan Elliott           Steven Kampfer                                    60     1   2  2  
 2 Jarred Tinordi           Joel Edmundson                                    40     1   2  2  

Penalty Kill 4 Players Forward 
   Center                   Wing                     Time % Phy DF OF 
 1 Mark Mancari             Tomas Tatar              60     1   2  2  
 2 Erik Condra              Daniel Carr              40     1   2  2  

Penalty Kill 4 Players Defense
   Defense                  Defense                  Time % Phy DF OF 
 1 Stefan Elliott           Steven Kampfer           60     1   2  2  
 2 Jarred Tinordi           Joel Edmundson           40     1   2  2  

Penalty Kill - 3 Players Forward 
   Forward                                           Time % Phy DF OF 
 1 Mark Mancari                                      60     1   2  2  
 2 Tomas Tatar                                       40     1   2  2  

Penalty Kill - 3 Players Defense
   Defense                  Defense                  Time % Phy DF OF 
 1 Stefan Elliott           Steven Kampfer           60     1   2  2  
 2 Jarred Tinordi           Joel Edmundson           40     1   2  2  

4 vs 4 Forward 
   Center                   Wing                     Time % Phy DF OF 
 1 Mark Mancari             Tomas Tatar              60     1   2  2  
 2 Erik Condra              Daniel Carr              40     1   2  2  

4 vs 4 Defense
   Defense                  Defense                  Time % Phy DF OF 
 1 Stefan Elliott           Steven Kampfer           60     1   2  2  
 2 Jarred Tinordi           Joel Edmundson           40     1   2  2  

Last Minutes Offensive
   Center                   Left Wing                Right Wing               Defense                  Defense                  
   Jonathan Marchessault    Tomas Tatar              Mark Mancari             Stefan Elliott           Steven Kampfer           

Last Minutes Defensive
   Center                   Left Wing                Right Wing               Defense                  Defense                  
   Jonathan Marchessault    Tomas Tatar              Mark Mancari             Stefan Elliott           Steven Kampfer           

Goaltenders
Starting : Marek Mazanek            
Backup : Darcy Kuemper            

Extra Forwards
Normal : Martin Frk, Dmitrij Jaskin, Anthony Duclair - PP : Martin Frk, Dmitrij Jaskin - PK : Anthony Duclair
Extra Defensemen
Normal : John Ramage, Connor Carrick, Xavier Ouellet - PP : John Ramage - PK : Connor Carrick, Xavier Ouellet
Penalty Shots
Mark Mancari, Tomas Tatar, Erik Condra, Daniel Carr, Jonathan Marchessault

Scratches
Vincent Trocheck (Healthy), Dominik Kubalik (Healthy), Ryan Murphy (Healthy), Josh Archibald (Healthy), Chris Calhan (Healthy)
Mark Friedman (Healthy), Michael Dal Colle (Healthy), Matteson Iacopelli (Healthy), Sergei Kostenko (Healthy), Antoine Bibeau (Healthy)

Diablos

5 vs 5 Forward 
   Center                   Left Wing                Right Wing               Time % Phy DF OF 
 1 Danton Heinen            Nick Spaling             Jordan Szwarz            40     0   2  3  
 2 Adrian Kempe             Jakub Vrana              David Pastrnak           30     0   2  3  
 3 Corey Trivino            Jiri Sekac               Tyler Pitlick            20     0   2  3  
 4 Dominic Turgeon          Nick Spaling             Ty Rattie                10     1   3  1  

5 vs 5 Defense 
   Defense                  Defense                                           Time % Phy DF OF 
 1 Andrey Pedan             Philip Larsen                                     40     1   2  2  
 2 Alex Petrovic            Brian Dumoulin                                    30     1   2  2  
 3 Andrei Mironov           Andrey Pedan                                      20     1   2  2  
 4 Brian Dumoulin           Philip Larsen                                     10     1   2  2  

PowerPlay Forward 
   Center                   Left Wing                Right Wing               Time % Phy DF OF 
 1 Danton Heinen            Nick Spaling             Jordan Szwarz            60     0   1  4  
 2 Adrian Kempe             Jakub Vrana              David Pastrnak           40     0   1  4  

PowerPlay Defense
   Defense                  Defense                                           Time % Phy DF OF 
 1 Andrei Mironov           Philip Larsen                                     60     0   1  4  
 2 Brian Dumoulin           Alex Petrovic                                     40     0   1  4  

Penalty Kill 4 Players Forward 
   Center                   Wing                     Time % Phy DF OF 
 1 Adrian Kempe             Jordan Szwarz            60     1   4  0  
 2 Danton Heinen            Nick Spaling             40     1   4  0  

Penalty Kill 4 Players Defense
   Defense                  Defense                  Time % Phy DF OF 
 1 Philip Larsen            Andrei Mironov           60     1   4  0  
 2 Alex Petrovic            Brian Dumoulin           40     1   4  0  

Penalty Kill - 3 Players Forward 
   Forward                                           Time % Phy DF OF 
 1 Adrian Kempe                                      60     0   5  0  
 2 Nick Spaling                                      40     0   5  0  

Penalty Kill - 3 Players Defense
   Defense                  Defense                  Time % Phy DF OF 
 1 Alex Petrovic            Brian Dumoulin           60     0   5  0  
 2 Andrei Mironov           Philip Larsen            40     0   5  0  

4 vs 4 Forward 
   Center                   Wing                     Time % Phy DF OF 
 1 Danton Heinen            Jordan Szwarz            60     0   2  3  
 2 Adrian Kempe             Nick Spaling             40     0   2  3  

4 vs 4 Defense
   Defense                  Defense                  Time % Phy DF OF 
 1 Brian Dumoulin           Alex Petrovic            60     0   2  3  
 2 Andrei Mironov           Philip Larsen            40     0   2  3  

Last Minutes Offensive
   Center                   Left Wing                Right Wing               Defense                  Defense                  
   Danton Heinen            Jakub Vrana              David Pastrnak           Brian Dumoulin           Philip Larsen            

Last Minutes Defensive
   Center                   Left Wing                Right Wing               Defense                  Defense                  
   Nick Spaling             Corey Trivino            Jordan Szwarz            Brian Dumoulin           Alex Petrovic            

Goaltenders
Starting : Kristers Gudlevskis      
Backup : Matt Tomkins             

Extra Forwards
Normal : Jordan Szwarz, Danton Heinen, Nick Spaling - PP : David Pastrnak, Nick Spaling - PK : Nick Spaling
Extra Defensemen
Normal : Alex Petrovic, Andrei Mironov, Philip Larsen - PP : Philip Larsen - PK : Philip Larsen, Alex Petrovic
Penalty Shots
Jordan Szwarz, Danton Heinen, Jakub Vrana, Nick Spaling, Adrian Kempe

Scratches
Peter Holland (Healthy), Jamie Devane (Healthy), Matt Lindblad (Healthy), Tyler Lewington (Healthy), Viktor Loov (Suspend)
Tobias Lindberg (Healthy), Sergey Tolchinsky (Healthy), Lars Eller (Healthy), Branden Troock (Healthy), Riley Nash (Healthy)
Jack Glover (Healthy), Ryan MacInnis (Healthy), Joni Ortio (Healthy)

% Time on Ice - Sewer Rats

Lines # - Real PCT - Wanted PCT - Time Play
Normal Forward
1 - 32% - 40% - 14:39
2 - 27% - 30% - 12:32
3 - 24% - 20% - 10:59
4 - 18% - 10% - 8:16
Normal Defense
1 - 37% - 40% - 17:12
2 - 31% - 30% - 14:10
3 - 19% - 20% - 9:00
4 - 13% - 10% - 6:04
PP Forward
1 - 55% - 60% - 3:18
2 - 45% - 40% - 2:39
PP Defense
1 - 58% - 60% - 3:28
2 - 42% - 40% - 2:29
PK Forward
1 - 75% - 60% - 5:41
2 - 25% - 40% - 1:56
PK Defense
1 - 65% - 60% - 4:55
2 - 35% - 40% - 2:42
PK3 Forward
1 - 0% - 60%
2 - 0% - 40%
PK3 Defense
1 - 0% - 60%
2 - 0% - 40%
44 Forward
1 - 0% - 60%
2 - 0% - 40%
44 Defense
1 - 0% - 60%
2 - 0% - 40%
Last Minute Offensive  - 0:00
Last Minute Defensive  - 0:00
Total
Forward - 60:00
Defense - 60:00

% Time on Ice - Diablos

Lines # - Real PCT - Wanted PCT - Time Play
Normal Forward
1 - 30% - 40% - 13:52
2 - 31% - 30% - 14:28
3 - 24% - 20% - 11:04
4 - 15% - 10% - 7:02
Normal Defense
1 - 37% - 40% - 16:59
2 - 30% - 30% - 13:55
3 - 22% - 20% - 10:23
4 - 11% - 10% - 5:09
PP Forward
1 - 56% - 60% - 4:15
2 - 44% - 40% - 3:22
PP Defense
1 - 58% - 60% - 4:26
2 - 42% - 40% - 3:11
PK Forward
1 - 71% - 60% - 4:13
2 - 29% - 40% - 1:44
PK Defense
1 - 58% - 60% - 3:27
2 - 42% - 40% - 2:30
PK3 Forward
1 - 0% - 60%
2 - 0% - 40%
PK3 Defense
1 - 0% - 60%
2 - 0% - 40%
44 Forward
1 - 0% - 60%
2 - 0% - 40%
44 Defense
1 - 0% - 60%
2 - 0% - 40%
Last Minute Offensive  - 0:00
Last Minute Defensive  - 0:00
Total
Forward - 60:00
Defense - 60:00

Play-by-Play

1st period


0:01 of 1st period - Jonathan Marchessault wins face-off versus Danton Heinen in neutral zone.
0:31 of 1st period - Slapshot by Stefan Elliott.
0:31 of 1st period - Deflect By Nick Cousins.
0:31 of 1st period - Shot Misses the Net.
0:31 of 1st period - Puck is out of play.
0:32 of 1st period - Jared McCann wins face-off versus Jiri Sekac in Diablos zone.
0:42 of 1st period - Wrist shot by Corey Trivino.
0:42 of 1st period - Shot Blocked by Jarred Tinordi.
0:44 of 1st period - Slapshot by Tyler Pitlick.
0:44 of 1st period - Deflect By Corey Trivino.
0:44 of 1st period - Shot Blocked by Joel Edmundson.
0:44 of 1st period - Puck is out of play.
0:45 of 1st period - Tyler Motte wins face-off versus Dominic Turgeon in Sewer Rats zone.
0:50 of 1st period - Slapshot by Dmitrij Jaskin.
0:50 of 1st period - Shot Blocked by Nick Spaling.
0:52 of 1st period - Wrist shot by Joseph Blandisi.
0:52 of 1st period - Stopped by Kristers Gudlevskis with a rebound.
0:54 of 1st period - Slapshot by Connor Carrick.
0:54 of 1st period - Shot Blocked by Nick Spaling.
0:56 of 1st period - Snap shot by Dmitrij Jaskin.
0:56 of 1st period - Stopped by Kristers Gudlevskis with a rebound.
0:58 of 1st period - Snap shot by Tyler Motte.
0:58 of 1st period - Stopped by Kristers Gudlevskis with a rebound.
1:00 of 1st period - Wrist shot by Connor Carrick.
1:00 of 1st period - Shot Blocked by Nick Spaling.
1:10 of 1st period - Daniel Carr is hit by Andrey Pedan and loses puck.
1:37 of 1st period - Snap shot by Jonathan Marchessault.
1:37 of 1st period - Shot Misses the Net.
1:57 of 1st period - Backhand shot by Nick Spaling.
1:57 of 1st period - Shot Blocked by Joel Edmundson.
2:12 of 1st period - Wrist shot by Adrian Kempe.
2:12 of 1st period - Stopped by Marek Mazanek with a rebound.
2:14 of 1st period - Wrist shot by Jakub Vrana.
2:14 of 1st period - Goal by Jakub Vrana - Sewer Rats : 0 - Diablos : 1.
2:15 of 1st period - Danton Heinen wins face-off versus Jonathan Marchessault in neutral zone.
2:40 of 1st period - Stefan Elliott is hit by Jakub Vrana and loses puck.
4:57 of 1st period - Minor Penalty to Andrey Pedan for Hooking.
4:58 of 1st period - Adrian Kempe wins face-off versus Mark Mancari in Diablos zone.
6:25 of 1st period - Stefan Elliott is hit by Alex Petrovic and loses puck.
6:57 of 1st period - Penalty to Andrey Pedan is over, Andrey Pedan is back on ice.
7:08 of 1st period - Jarred Tinordi is hit by Nick Spaling and loses puck.
7:21 of 1st period - Slapshot by Martin Frk.
7:21 of 1st period - Stopped by Kristers Gudlevskis with a rebound.
9:00 of 1st period - Off-side.
9:01 of 1st period - Adrian Kempe wins face-off versus Nick Cousins in neutral zone.
9:08 of 1st period - Slapshot by David Pastrnak.
9:08 of 1st period - Shot Blocked by Stefan Elliott.
9:26 of 1st period - Tomas Tatar is hit by Jordan Szwarz.
9:30 of 1st period - Nick Spaling is hit by Jonathan Marchessault and loses puck.
9:49 of 1st period - Alex Petrovic is hit by Martin Frk and loses puck.
10:18 of 1st period - Wrist shot by Daniel Carr.
10:18 of 1st period - Shot Blocked by Dominic Turgeon.
10:20 of 1st period - Snap shot by Erik Condra.
10:20 of 1st period - Shot Blocked by Alex Petrovic.
10:22 of 1st period - Snap shot by Daniel Carr.
10:22 of 1st period - Shot Blocked by Nick Spaling.
10:34 of 1st period - Wrist shot by David Pastrnak.
10:34 of 1st period - Shot Misses the Net.
10:56 of 1st period - Wrist shot by Steven Kampfer.
10:56 of 1st period - Deflect By Jordan Szwarz.
10:56 of 1st period - Stopped by Kristers Gudlevskis without a rebound.
10:57 of 1st period - Nick Cousins wins face-off versus Danton Heinen in Diablos zone.
10:58 of 1st period - Backhand shot by Daniel Carr.
10:58 of 1st period - Shot Misses the Net.
11:00 of 1st period - Snap shot by Erik Condra.
11:00 of 1st period - Stopped by Kristers Gudlevskis without a rebound.
11:01 of 1st period - Nick Cousins wins face-off versus Danton Heinen in Diablos zone.
11:08 of 1st period - Slapshot by Daniel Carr.
11:08 of 1st period - Shot Misses the Net.
11:10 of 1st period - Snap shot by Erik Condra.
11:10 of 1st period - Goal by Erik Condra - Sewer Rats : 1 - Diablos : 1.
11:11 of 1st period - Danton Heinen wins face-off versus Jonathan Marchessault in neutral zone.
11:14 of 1st period - Wrist shot by Nick Spaling.
11:14 of 1st period - Stopped by Marek Mazanek with a rebound.
11:16 of 1st period - Snap shot by Nick Spaling.
11:16 of 1st period - Stopped by Marek Mazanek with a rebound.
11:18 of 1st period - Slapshot by Nick Spaling.
11:18 of 1st period - Deflect By Danton Heinen.
11:18 of 1st period - Shot Misses the Net.
11:18 of 1st period - Puck is out of play.
11:19 of 1st period - Jonathan Marchessault wins face-off versus Danton Heinen in Sewer Rats zone.
12:19 of 1st period - Wrist shot by Mark Mancari.
12:19 of 1st period - Stopped by Kristers Gudlevskis with a rebound.
12:21 of 1st period - Snap shot by Mark Mancari.
12:21 of 1st period - Stopped by Kristers Gudlevskis without a rebound.
12:22 of 1st period - Nick Cousins wins face-off versus Danton Heinen in Diablos zone.
12:31 of 1st period - Brian Dumoulin is hit by Nick Cousins and loses puck.
13:04 of 1st period - Snap shot by Jordan Szwarz.
13:04 of 1st period - Deflect By Danton Heinen.
13:04 of 1st period - Goal by Danton Heinen - Sewer Rats : 1 - Diablos : 2.
13:05 of 1st period - Nick Cousins wins face-off versus David Pastrnak in neutral zone.
14:14 of 1st period - Adrian Kempe is hit by Tyler Motte and loses puck.
14:33 of 1st period - Daniel Carr is hit by Andrey Pedan.
15:01 of 1st period - Slapshot by Mark Mancari.
15:01 of 1st period - Shot Misses the Net.
15:03 of 1st period - Wrist shot by Jonathan Marchessault.
15:03 of 1st period - Stopped by Kristers Gudlevskis with a rebound.
15:27 of 1st period - Adrian Kempe is hit by Tyler Motte and loses puck.
15:34 of 1st period - Wrist shot by Dmitrij Jaskin.
15:34 of 1st period - Stopped by Kristers Gudlevskis with a rebound.
16:12 of 1st period - Snap shot by Tomas Tatar.
16:12 of 1st period - Shot Blocked by Tyler Pitlick.
16:50 of 1st period - Snap shot by Nick Cousins.
16:50 of 1st period - Shot Blocked by Jiri Sekac.
17:13 of 1st period - Minor Penalty to Ty Rattie for Hooking.
17:14 of 1st period - Adrian Kempe wins face-off versus Mark Mancari in Diablos zone.
17:28 of 1st period - Slapshot by Tomas Tatar.
17:28 of 1st period - Stopped by Kristers Gudlevskis with a rebound.
17:30 of 1st period - Slapshot by Steven Kampfer.
17:30 of 1st period - Shot Blocked by Alex Petrovic.
17:56 of 1st period - Snap shot by Nick Spaling.
17:56 of 1st period - Stopped by Marek Mazanek with a rebound.
19:13 of 1st period - Penalty to Ty Rattie is over, Ty Rattie is back on ice.
19:28 of 1st period - Snap shot by Joseph Blandisi.
19:28 of 1st period - Stopped by Kristers Gudlevskis without a rebound.
19:29 of 1st period - Dominic Turgeon wins face-off versus Tyler Motte in Diablos zone.
19:29 of 1st period - Dominic Turgeon is hit by Tyler Motte.
19:35 of 1st period - Joseph Blandisi is hit by Philip Larsen.
19:39 of 1st period - Dmitrij Jaskin is hit by Nick Spaling and loses puck.
Goals for this period are 1 for Sewer Rats vs 2 for Diablos .
Shots for this period are 13 for Sewer Rats vs 6 for Diablos .

2nd period


0:01 of 2nd period - Jonathan Marchessault wins face-off versus Danton Heinen in neutral zone.
0:12 of 2nd period - Snap shot by Mark Mancari.
0:12 of 2nd period - Stopped by Kristers Gudlevskis with a rebound.
0:14 of 2nd period - Slapshot by Tomas Tatar.
0:14 of 2nd period - Goal by Tomas Tatar - Sewer Rats : 2 - Diablos : 2.
0:15 of 2nd period - Jonathan Marchessault wins face-off versus Danton Heinen in neutral zone.
0:24 of 2nd period - Snap shot by Tomas Tatar.
0:24 of 2nd period - Stopped by Kristers Gudlevskis with a rebound.
0:26 of 2nd period - Slapshot by Stefan Elliott.
0:26 of 2nd period - Shot Misses the Net.
0:28 of 2nd period - Slapshot by Steven Kampfer.
0:28 of 2nd period - Deflect By Jonathan Marchessault.
0:28 of 2nd period - Stopped by Kristers Gudlevskis with a rebound.
0:30 of 2nd period - Snap shot by Mark Mancari.
0:30 of 2nd period - Goal by Mark Mancari - Sewer Rats : 3 - Diablos : 2.
0:31 of 2nd period - Jonathan Marchessault wins face-off versus Danton Heinen in neutral zone.
0:39 of 2nd period - Wrist shot by Jordan Szwarz.
0:39 of 2nd period - Shot Misses the Net.
0:41 of 2nd period - Slapshot by Andrey Pedan.
0:41 of 2nd period - Shot Blocked by Steven Kampfer.
0:45 of 2nd period - Wrist shot by Nick Spaling.
0:45 of 2nd period - Stopped by Marek Mazanek without a rebound.
0:46 of 2nd period - Daniel Carr wins face-off versus Adrian Kempe in Sewer Rats zone.
0:53 of 2nd period - Slapshot by Nick Cousins.
0:53 of 2nd period - Deflect By Erik Condra.
0:53 of 2nd period - Shot Misses the Net.
0:53 of 2nd period - Puck is out of play.
0:54 of 2nd period - Nick Cousins wins face-off versus Adrian Kempe in Diablos zone.
1:09 of 2nd period - Stefan Elliott is hit by Andrey Pedan and loses puck.
1:36 of 2nd period - Off-side.
1:37 of 2nd period - Danton Heinen wins face-off versus Jonathan Marchessault in neutral zone.
1:52 of 2nd period - Snap shot by Jonathan Marchessault.
1:52 of 2nd period - Stopped by Kristers Gudlevskis with a rebound.
1:59 of 2nd period - Icing by Brian Dumoulin.
2:00 of 2nd period - Corey Trivino wins face-off versus Jared McCann in Diablos zone.
2:11 of 2nd period - Wrist shot by Jiri Sekac.
2:11 of 2nd period - Shot Misses the Net.
2:13 of 2nd period - Wrist shot by Corey Trivino.
2:13 of 2nd period - Stopped by Marek Mazanek with a rebound.
2:15 of 2nd period - Wrist shot by Alex Petrovic.
2:15 of 2nd period - Deflect By Jiri Sekac.
2:15 of 2nd period - Shot Blocked by Stefan Elliott.
2:15 of 2nd period - Puck is out of play.
2:16 of 2nd period - Danton Heinen wins face-off versus Jonathan Marchessault in Sewer Rats zone.
2:19 of 2nd period - Wrist shot by Nick Spaling.
2:19 of 2nd period - Stopped by Marek Mazanek with a rebound.
2:29 of 2nd period - Snap shot by Mark Mancari.
2:29 of 2nd period - Goal by Mark Mancari - Sewer Rats : 4 - Diablos : 2.
2:30 of 2nd period - Danton Heinen wins face-off versus Jonathan Marchessault in neutral zone.
2:55 of 2nd period - Andrey Pedan is hit by Jared McCann and loses puck.
3:28 of 2nd period - Slapshot by Brian Dumoulin.
3:28 of 2nd period - Deflect By Adrian Kempe.
3:28 of 2nd period - Stopped by Marek Mazanek without a rebound.
3:29 of 2nd period - Corey Trivino wins face-off versus Jonathan Marchessault in Sewer Rats zone.
3:34 of 2nd period - Snap shot by Tyler Pitlick.
3:34 of 2nd period - Shot Misses the Net.
3:39 of 2nd period - Snap shot by Tyler Pitlick.
3:39 of 2nd period - Stopped by Marek Mazanek with a rebound.
3:41 of 2nd period - Slapshot by Brian Dumoulin.
3:41 of 2nd period - Deflect By Corey Trivino.
3:41 of 2nd period - Stopped by Marek Mazanek without a rebound.
3:42 of 2nd period - Adrian Kempe wins face-off versus Jonathan Marchessault in Sewer Rats zone.
3:51 of 2nd period - Snap shot by Adrian Kempe.
3:51 of 2nd period - Shot Blocked by Jarred Tinordi.
4:03 of 2nd period - Jakub Vrana is hit by Jonathan Marchessault and loses puck.
4:22 of 2nd period - Slapshot by Nick Cousins.
4:22 of 2nd period - Stopped by Kristers Gudlevskis with a rebound.
4:40 of 2nd period - Snap shot by Brian Dumoulin.
4:40 of 2nd period - Shot Blocked by Anthony Duclair.
4:42 of 2nd period - Snap shot by Jiri Sekac.
4:42 of 2nd period - Shot Misses the Net.
4:47 of 2nd period - Snap shot by Corey Trivino.
4:47 of 2nd period - Shot Blocked by Anthony Duclair.
5:14 of 2nd period - Slapshot by Stefan Elliott.
5:14 of 2nd period - Stopped by Kristers Gudlevskis with a rebound.
5:16 of 2nd period - Snap shot by Jonathan Marchessault.
5:16 of 2nd period - Stopped by Kristers Gudlevskis with a rebound.
6:21 of 2nd period - Snap shot by Dmitrij Jaskin.
6:21 of 2nd period - Deflect By Tyler Motte.
6:21 of 2nd period - Stopped by Kristers Gudlevskis without a rebound.
6:22 of 2nd period - Adrian Kempe wins face-off versus Tyler Motte in Diablos zone.
6:27 of 2nd period - Wrist shot by Adrian Kempe.
6:27 of 2nd period - Stopped by Marek Mazanek with a rebound.
6:29 of 2nd period - Snap shot by Adrian Kempe.
6:29 of 2nd period - Shot Misses the Net.
6:36 of 2nd period - Minor Penalty to Joel Edmundson for Roughing.
6:37 of 2nd period - Danton Heinen wins face-off versus Mark Mancari in Sewer Rats zone.
6:47 of 2nd period - Wrist shot by Nick Spaling.
6:47 of 2nd period - Goal by Nick Spaling - Sewer Rats : 4 - Diablos : 3.
6:48 of 2nd period - Jonathan Marchessault wins face-off versus Danton Heinen in neutral zone.
6:57 of 2nd period - Snap shot by Mark Mancari.
6:57 of 2nd period - Shot Misses the Net.
7:01 of 2nd period - Wrist shot by Tomas Tatar.
7:01 of 2nd period - Stopped by Kristers Gudlevskis without a rebound.
7:02 of 2nd period - Jonathan Marchessault wins face-off versus Danton Heinen in Diablos zone.
7:06 of 2nd period - Minor Penalty to Andrey Pedan for Hooking.
7:07 of 2nd period - Jonathan Marchessault wins face-off versus Adrian Kempe in Diablos zone.
7:43 of 2nd period - Jordan Szwarz is hit by Nick Cousins and loses puck.
9:06 of 2nd period - Penalty to Andrey Pedan is over, Andrey Pedan is back on ice.
9:17 of 2nd period - Steven Kampfer is hit by Jakub Vrana and loses puck.
9:30 of 2nd period - Jiri Sekac is hit by Steven Kampfer and loses puck.
9:49 of 2nd period - Snap shot by Anthony Duclair.
9:49 of 2nd period - Stopped by Kristers Gudlevskis without a rebound.
9:50 of 2nd period - Jared McCann wins face-off versus Dominic Turgeon in Diablos zone.
10:01 of 2nd period - Wrist shot by Martin Frk.
10:01 of 2nd period - Stopped by Kristers Gudlevskis with a rebound.
10:03 of 2nd period - Wrist shot by Jared McCann.
10:03 of 2nd period - Goal by Jared McCann - Sewer Rats : 5 - Diablos : 3.
10:04 of 2nd period - Danton Heinen wins face-off versus Jonathan Marchessault in neutral zone.
10:07 of 2nd period - Wrist shot by Jordan Szwarz.
10:07 of 2nd period - Stopped by Marek Mazanek with a rebound.
10:09 of 2nd period - Slapshot by Andrey Pedan.
10:09 of 2nd period - Stopped by Marek Mazanek with a rebound.
10:54 of 2nd period - Slapshot by Jiri Sekac.
10:54 of 2nd period - Shot Blocked by Stefan Elliott.
10:58 of 2nd period - Wrist shot by Jiri Sekac.
10:58 of 2nd period - Stopped by Marek Mazanek without a rebound.
10:59 of 2nd period - Jiri Sekac wins face-off versus Jonathan Marchessault in Sewer Rats zone.
11:04 of 2nd period - Wrist shot by Tyler Pitlick.
11:04 of 2nd period - Stopped by Marek Mazanek with a rebound.
11:06 of 2nd period - Wrist shot by Corey Trivino.
11:06 of 2nd period - Stopped by Marek Mazanek without a rebound.
11:07 of 2nd period - Danton Heinen wins face-off versus Jonathan Marchessault in Sewer Rats zone.
11:12 of 2nd period - Slapshot by Jordan Szwarz.
11:12 of 2nd period - Shot Misses the Net.
11:14 of 2nd period - Snap shot by Jordan Szwarz.
11:14 of 2nd period - Shot Blocked by Steven Kampfer.
11:16 of 2nd period - Wrist shot by Nick Spaling.
11:16 of 2nd period - Goal by Nick Spaling - Sewer Rats : 5 - Diablos : 4.
11:17 of 2nd period - Danton Heinen wins face-off versus Jonathan Marchessault in neutral zone.
11:26 of 2nd period - Slapshot by Jordan Szwarz.
11:26 of 2nd period - Shot Misses the Net.
11:44 of 2nd period - Stefan Elliott is hit by Philip Larsen and loses puck.
11:56 of 2nd period - Minor Penalty to Stefan Elliott for High sticking.
11:57 of 2nd period - Mark Mancari wins face-off versus Danton Heinen in Sewer Rats zone.
12:55 of 2nd period - Snap shot by Jarred Tinordi.
12:55 of 2nd period - Stopped by Kristers Gudlevskis with a rebound.
12:57 of 2nd period - Slapshot by Jarred Tinordi.
12:57 of 2nd period - Shot Blocked by Alex Petrovic.
13:10 of 2nd period - Icing by Brian Dumoulin.
13:11 of 2nd period - Nick Cousins wins face-off versus Danton Heinen in Diablos zone.
13:38 of 2nd period - Wrist shot by Erik Condra.
13:38 of 2nd period - Stopped by Kristers Gudlevskis with a rebound.
13:56 of 2nd period - Penalty to Stefan Elliott is over, Stefan Elliott is back on ice.
14:05 of 2nd period - Wrist shot by Tyler Pitlick.
14:05 of 2nd period - Shot Misses the Net.
14:07 of 2nd period - Snap shot by Corey Trivino.
14:07 of 2nd period - Stopped by Marek Mazanek with a rebound.
14:09 of 2nd period - Wrist shot by Andrey Pedan.
14:09 of 2nd period - Shot Misses the Net.
14:11 of 2nd period - Slapshot by Jiri Sekac.
14:11 of 2nd period - Shot Blocked by Daniel Carr.
14:13 of 2nd period - Snap shot by Jiri Sekac.
14:13 of 2nd period - Shot Misses the Net.
14:35 of 2nd period - Wrist shot by Martin Frk.
14:35 of 2nd period - Stopped by Kristers Gudlevskis without a rebound.
14:36 of 2nd period - Jonathan Marchessault wins face-off versus Adrian Kempe in Diablos zone.
15:43 of 2nd period - Philip Larsen is hit by Erik Condra and loses puck.
16:22 of 2nd period - Snap shot by Danton Heinen.
16:22 of 2nd period - Shot Misses the Net.
16:24 of 2nd period - Snap shot by Nick Spaling.
16:24 of 2nd period - Goal by Nick Spaling - Sewer Rats : 5 - Diablos : 5.
16:25 of 2nd period - Adrian Kempe wins face-off versus Jonathan Marchessault in neutral zone.
16:28 of 2nd period - Tomas Tatar is hit by Adrian Kempe and loses puck.
16:33 of 2nd period - Wrist shot by David Pastrnak.
16:33 of 2nd period - Stopped by Marek Mazanek with a rebound.
16:35 of 2nd period - Wrist shot by David Pastrnak.
16:35 of 2nd period - Stopped by Marek Mazanek without a rebound.
16:36 of 2nd period - Jakub Vrana wins face-off versus Jonathan Marchessault in Sewer Rats zone.
16:41 of 2nd period - Slapshot by Adrian Kempe.
16:41 of 2nd period - Stopped by Marek Mazanek with a rebound.
16:43 of 2nd period - Snap shot by Jakub Vrana.
16:43 of 2nd period - Shot Blocked by Jarred Tinordi.
16:45 of 2nd period - Snap shot by Jakub Vrana.
16:45 of 2nd period - Stopped by Marek Mazanek with a rebound.
16:47 of 2nd period - Snap shot by Adrian Kempe.
16:47 of 2nd period - Deflect By David Pastrnak.
16:47 of 2nd period - Shot Misses the Net.
16:47 of 2nd period - Puck is out of play.
16:48 of 2nd period - Jonathan Marchessault wins face-off versus Adrian Kempe in Sewer Rats zone.
17:44 of 2nd period - Snap shot by Anthony Duclair.
17:44 of 2nd period - Stopped by Kristers Gudlevskis with a rebound.
17:56 of 2nd period - David Pastrnak is hit by Jonathan Marchessault and loses puck.
18:13 of 2nd period - Jonathan Marchessault is hit by Nick Spaling.
18:57 of 2nd period - Nick Cousins is hit by Adrian Kempe and loses puck.
19:28 of 2nd period - Anthony Duclair is hit by Danton Heinen.
Goals for this period are 4 for Sewer Rats vs 3 for Diablos .
Shots for this period are 19 for Sewer Rats vs 20 for Diablos .

3rd period


0:01 of 3rd period - Danton Heinen wins face-off versus Jonathan Marchessault in neutral zone.
0:15 of 3rd period - Slapshot by Steven Kampfer.
0:15 of 3rd period - Deflect By Jonathan Marchessault.
0:15 of 3rd period - Stopped by Kristers Gudlevskis without a rebound.
0:16 of 3rd period - Nick Cousins wins face-off versus Adrian Kempe in Diablos zone.
0:29 of 3rd period - Daniel Carr is hit by Philip Larsen and loses puck.
1:12 of 3rd period - Slapshot by Tyler Pitlick.
1:12 of 3rd period - Shot Misses the Net.
1:14 of 3rd period - Snap shot by Corey Trivino.
1:14 of 3rd period - Shot Misses the Net.
1:35 of 3rd period - Minor Penalty to Jarred Tinordi for Interference.
1:36 of 3rd period - Danton Heinen wins face-off versus Mark Mancari in Sewer Rats zone.
1:51 of 3rd period - Slapshot by Nick Spaling.
1:51 of 3rd period - Stopped by Marek Mazanek with a rebound.
2:03 of 3rd period - Steven Kampfer is hit by Adrian Kempe and loses puck.
3:35 of 3rd period - Penalty to Jarred Tinordi is over, Jarred Tinordi is back on ice.
3:51 of 3rd period - Snap shot by Erik Condra.
3:51 of 3rd period - Stopped by Kristers Gudlevskis with a rebound.
3:53 of 3rd period - Slapshot by Anthony Duclair.
3:53 of 3rd period - Shot Misses the Net.
3:55 of 3rd period - Wrist shot by Anthony Duclair.
3:55 of 3rd period - Shot Misses the Net.
3:57 of 3rd period - Backhand shot by Erik Condra.
3:57 of 3rd period - Stopped by Kristers Gudlevskis without a rebound.
3:58 of 3rd period - Ty Rattie wins face-off versus Tyler Motte in Diablos zone.
4:41 of 3rd period - Andrey Pedan is hit by Anthony Duclair and loses puck.
5:03 of 3rd period - Snap shot by Tyler Pitlick.
5:03 of 3rd period - Shot Misses the Net.
5:13 of 3rd period - Wrist shot by Martin Frk.
5:13 of 3rd period - Shot Misses the Net.
5:21 of 3rd period - Snap shot by Martin Frk.
5:21 of 3rd period - Stopped by Kristers Gudlevskis without a rebound.
5:22 of 3rd period - Jonathan Marchessault wins face-off versus Jordan Szwarz in Diablos zone.
5:37 of 3rd period - Slapshot by Tomas Tatar.
5:37 of 3rd period - Stopped by Kristers Gudlevskis with a rebound.
5:47 of 3rd period - Steven Kampfer is hit by Adrian Kempe and loses puck.
7:31 of 3rd period - Tyler Pitlick is hit by Dmitrij Jaskin and loses puck.
7:48 of 3rd period - David Pastrnak is hit by Jonathan Marchessault and loses puck.
8:01 of 3rd period - Jordan Szwarz is hit by Nick Cousins and loses puck.
8:36 of 3rd period - Philip Larsen is hit by Stefan Elliott and loses puck.
10:54 of 3rd period - Andrei Mironov is hit by Erik Condra and loses puck.
14:09 of 3rd period - Minor Penalty to Dmitrij Jaskin for Tripping.
14:10 of 3rd period - Tomas Tatar wins face-off versus Danton Heinen in Sewer Rats zone.
14:37 of 3rd period - Mark Mancari is hit by Philip Larsen and loses puck.
14:52 of 3rd period - Alex Petrovic is hit by Erik Condra and loses puck.
16:09 of 3rd period - Penalty to Dmitrij Jaskin is over, Dmitrij Jaskin is back on ice.
16:39 of 3rd period - Adrian Kempe is hit by Joseph Blandisi and loses puck.
18:06 of 3rd period - Slapshot by Dmitrij Jaskin.
18:06 of 3rd period - Deflect By Tyler Motte.
18:06 of 3rd period - Goal by Tyler Motte - Sewer Rats : 6 - Diablos : 5.
18:07 of 3rd period - Danton Heinen wins face-off versus Jared McCann in neutral zone.
18:30 of 3rd period - Minor Penalty to Jared McCann for Holding.
18:31 of 3rd period - Mark Mancari wins face-off versus Danton Heinen in Sewer Rats zone.
19:31 of 3rd period - Tomas Tatar is hit by Adrian Kempe and loses puck.
Goals for this period are 1 for Sewer Rats vs 0 for Diablos .
Shots for this period are 6 for Sewer Rats vs 1 for Diablos .